Map: Catalyseur EC

Players

Chaos

  • Race: Protoss Protoss
  • League: Diamond
  • Spawn Location: 11:00

HoldTheDoor - Winner!

  • Race: Protoss Protoss
  • League: Diamond
  • Spawn Location: 5:00

VOD

Have the link to the VOD?

Description

Time

  • Played on: July 7, 2018, 2:40 p.m.
  • Length: 2:52
Show
View Real Time Build Order
Export as new Build Order

Chaos Protoss 

Build Orders:  

Get SALT Encoding   

  12  0:01  Probe  
  13  0:13  Probe  
  14  0:22  Pylon  
  14  0:25  Probe  
  15  0:33  Assimilator  
  15  0:36  Probe  
  16  0:44  Probe  
  17  0:52  Gateway  
  17  0:54  Probe  
  18  1:02  Probe  
  18  1:05  Assimilator  
  18  1:10  Probe  
  19  1:17  Pylon  
  20  1:21  Probe  
  21  1:33  Probe  
  21  1:39  Gateway  
  22  1:45  Probe  
  23  1:51  Cybernetics Core  
  23  1:57  Probe  
  23  2:30  Robotics Facility  
  23  2:48  Shield Battery  
Show
View Real Time Build Order
Export as new Build Order

HoldTheDoor Protoss - Winner!

Build Orders:  

Get SALT Encoding   

  12  0:00  Probe  
  13  0:12  Probe  
  14  0:18  Pylon  
  14  0:24  Probe  
  15  0:35  Probe  
  15  0:39  Forge  
  16  0:43  Probe  
  17  0:51  Probe  
  18  1:00  Pylon  
  18  1:04  Probe  
  19  1:17  Probe  
  20  1:33  Photon Cannon  
  20  1:49  Gateway  
  20  1:51  Pylon x2  
  20  1:54  Probe  
  21  2:05  Pylon  
  21  2:11  Photon Cannon  
  21  2:16  Photon Cannon  
  21  2:24  Photon Cannon  
  21  2:27  Pylon  
  21  2:31  Pylon  
  21  2:48  Photon Cannon  
Tags
 
Matchup
PvP
Spawn Locations
Cross Positions
Add a new tag
Caveats
  • Supply blocks, unpowered buildings, or Contaminate may cause inaccurate times.
  • Supply counts are checked every 10 seconds.